 Dungeon Crawl Stone Soup version 0.16-a0-4038-ge07a62f (webtiles) character file.

402 BluebellGnoll the Cleaver (level 6, -8/51 HPs)
             Began as a Minotaur Abyssal Knight on Feb 19, 2015.
             Was a Priest of Lugonu.
             Mangled by an ogre
             ... wielding a +0 giant spiked club
              (26 damage)
             ... on level 4 of the Dungeon.
             The game lasted 00:08:04 (2414 turns).

BluebellGnoll the Cleaver (Minotaur Abyssal Knight) Turns: 2414, Time: 00:08:04

Health: -8/51      AC:  8    Str: 18    XL:     6   Next: 55%
Magic:  4/4        EV:  9    Int:  9    God:    Lugonu [***...]
Gold:   183        SH:  0    Dex: 10    Spells: 0 memorised, 5 levels left

rFire  . . .     SeeInvis +     a - +1 hand axe
rCold  . . .     Clarity  .     f - +0 scale mail
rNeg   . . .     SustAb   .     (no shield)
rPois  .         Gourm    .     (helmet restricted)
rElec  .         Spirit   .     (no cloak)
rCorr  .         Warding  .     v - +1 pair of gloves
rMut   .         Stasis   .     (no boots)
MR     .....                    (no amulet)
Stlth  +.........               s - ring of stealth
                                o - ring of see invisible

@: not resistant to hostile enchantments, very unstealthy
A: retaliatory headbutt, horns 2
a: Depart the Abyss, Bend Space, Banish, Renounce Religion


You were on level 4 of the Dungeon.
You worshipped Lugonu.
Lugonu was most pleased with you.
You were not hungry.

You visited 1 branch of the dungeon, and saw 4 of its levels.
You visited the Abyss 1 time.

You collected 183 gold pieces.

Inventory:

Hand weapons
 a - a +1 hand axe (weapon)
Missiles
 h - 37 sling bullets
 k - 35 stones (quivered)
Armour
 f - a +0 scale mail (worn)
 v - a +1 pair of gloves (worn)
Jewellery
 o - a ring of see invisible (left hand)
 s - a ring of stealth (right hand)
Magical devices
 y - a wand of lightning (1)
Scrolls
 b - 2 scrolls of immolation {unknown}
 e - 3 scrolls of amnesia {unknown}
 i - 2 scrolls of magic mapping {unknown}
 m - 2 scrolls of enchant weapon {unknown}
 n - a scroll of enchant armour {unknown}
 r - 2 scrolls of identify {unknown}
Potions
 d - a potion of brilliance {unknown}
 g - a potion of decay {unknown}
 j - 2 potions of restore abilities {unknown}
 l - a potion of resistance {unknown}
 p - 2 potions of lignification {unknown}
 t - a potion of cure mutation {unknown}
 x - a potion of might {unknown}
Comestibles
 c - 3 bread rations
 q - 3 fruits
 u - 2 slices of pizza
 w - a chunk of flesh


   Skills:
 - Level 3.6 Fighting
 + Level 8.5 Axes
 - Level 2.4 Armour
 - Level 1.1 Dodging
 - Level 1.7 Invocations


You had 5 spell levels left.
You didn't know any spells.

Dungeon Overview and Level Annotations

Branches:
Dungeon (4/15)
 Temple: D:4-7

Altars:
Cheibriados
Okawaru
Yredelemnul


Innate Abilities, Weirdness & Mutations

You reflexively headbutt those who attack you in melee.
You have a pair of horns on your head.


Message History

You kill the orc priest!
Lugonu accepts your kill.
Evoking this partially-identified wand wasted a few charges.
Unknown command.
Evoke which item? (* to show all) (? for menu, Esc to quit)
Zapping:
y - a wand of lightning {zapped: 6} (will waste charges)
Press: ? - help, Shift-Dir - straight line, f - orc
Aim: an orc, wielding a mace You hear a mighty clap of thunder!
The bolt of lightning hits the ogre.
The ogre is almost dead.
The bolt of lightning hits the orc.
The orc is severely wounded.
The bolt of lightning hits the orc.
You kill the orc!
Lugonu accepts your kill.
Evoking this partially-identified wand wasted a few charges.
The ogre hits you with a giant spiked club!!
Ouch! That really hurt!
You die...

#....)<......#
#.##########.### # #.#
#........o.##.# #.#
#.######.#...# #.#
#.......o...## #.#
#..#####.##..# #.# #..#
#)##.#.#
########.###..#####o##o#
##..
..............@Oo.)<#..##
#.#
#####.##.####.#####(#...#
#.# # #......# #(#._.#
#.# #..###.#####.#..$ #.#
#.......[....#..# #.#
.............##.####.#
###.###.#####.o....##.#
#.# #.# ##......##.##.
#.# #.# #.............


You could see an ogre and 2 orcs.

Vanquished Creatures
  An ogre (D:4)
  A hound (D:4)
  2 orc priests
  2 giant frog skeletons (D:4)
  An orc wizard (D:3)
  Jessica (D:2)
  Terence (D:3)
  A hound skeleton (D:4)
  2 adders (D:2)
  A worm (D:4)
  7 orcs
  2 giant cockroaches
  7 hobgoblins
  7 jackals
  8 bats
  4 giant newts
  17 goblins
  5 kobolds
  7 rats
77 creatures vanquished.

Notes
Turn   | Place    | Note
--------------------------------------------------------------
     0 | Abyss:1  | BluebellGnoll, the Minotaur Abyssal Knight, began the quest for the Orb.
     0 | Abyss:1  | Reached XP level 1. HP: 19/19 MP: 1/1
    20 | Abyss:1  | Found a corrupted altar of Lugonu.
    34 | D:1      | Escaped the Abyss
   201 | D:1      | Acquired Lugonu's second power
   204 | D:1      | Reached XP level 2. HP: 17/26 MP: 1/1
   380 | D:1      | Reached skill level 4 in Axes
   458 | D:2      | Found an iron altar of Okawaru.
   474 | D:2      | Noticed Jessica
   481 | D:2      | Killed Jessica
   481 | D:2      | Reached XP level 3. HP: 15/31 MP: 2/2
   681 | D:2      | Found a basalt altar of Yredelemnul.
   760 | D:2      | Reached skill level 5 in Axes
   919 | D:2      | Reached XP level 4. HP: 39/39 MP: 3/3
  1529 | D:3      | Noticed Terence
  1537 | D:3      | Killed Terence
  1537 | D:3      | Acquired Lugonu's third power
  1537 | D:3      | Reached skill level 6 in Axes
  1731 | D:3      | Reached XP level 5. HP: 45/45 MP: 3/3
  2119 | D:4      | Reached skill level 7 in Axes
  2162 | D:4      | Noticed an ogre
  2182 | D:4      | Killed an ogre
  2182 | D:4      | Reached skill level 8 in Axes
  2182 | D:4      | Reached XP level 6. HP: 5/51 MP: 4/4
  2372 | D:4      | Found a snail-covered altar of Cheibriados.
  2391 | D:4      | Noticed an ogre
  2414 | D:4      | Mangled by an ogre

Action                   |  1- 3 |  4- 6 || total
-------------------------+-------+-------++-------
Melee: Hand axe          |    86 |   122 ||   208
Throw: Stone             |     3 |    12 ||    15
Evoke: Wand              |       |     3 ||     3
  Eat: Chunk             |       |     5 ||     5
